 BcadrenCrawl: Boulder Brew version 0.06-728-gea43db8f7f (webtiles) character file.

Game seed: 351630168069178621

8 xeno23 the Sneak (level 2, -3/25 HPs) Spriggan Enchanter. Began on Feb 13, 2023. Slain by a kobold ... wielding a +0 short sword (6 damage) ... on level 1 of the Dungeon. The game lasted 00:04:11 (510 turns).

xeno23 the Sneak (Spriggan Enchanter)                Turns: 510, Time: 00:04:11

Health: -3/25      AC:  2    Str:  4    XL:     2 ^: 29
Magic:  4/6        EV: 18    Int: 16    God:
Gold:   74         SH:  0    Dex: 16    Spells: 2/6 levels left

rFire    . . .     Slash    x   a - +1 dagger
rCold    . . .     Pierce   .   (weapon restricted)
rNeg     . . .     Bludgeon .   b - +0 robe
rCorr    . . .     Vision   +   (helmet restricted)
rPois    .         Gourm    .   (no cloak)
rElec    .         Faith    .   (gloves unavailable)
MR       .....     Spirit   .   (boots unavailable)
HPRegen  0.18/turn Reflect  .   (no amulet)
MPRegen  0.16/turn Harm     .   (no ring)
Stlth    +++.......             (no ring)

@: very quick
A: very small, unfitting armour, see invisible, herbivore, speed 3, slow
metabolism 2, soft flesh
a: no special abilities


You were on level 1 of the Dungeon.
You were not hungry.

You visited 1 branch of the dungeon, and saw 1 of its levels.

You collected 74 gold pieces.

Inventory:

Weapons
 a - a +1 dagger (weapon)
Armour
 b - a +0 robe (worn)
Scrolls
 e - a scroll of bless item
Potions
 c - a potion of lignification
Comestibles
 d - a ration


   Skills:
 + Level 1.3 Short Blades
 + Level 3.1 Dodging
 + Level 4.5 Stealth
 + Level 2.8 Spellcasting
 * Level 3.9 Hexes


You had 2 spell levels left.
You knew the following spells:

 Your Spells              Type           Power        Failure   Level  Hunger
a - Confuse Hex 14 (100) 12% 3 75-135 b - Magic Candle Hex/Fire       8 (90)       9%          1    0-15

Your spell library contained the following spells:

 Spells                   Type           Power        Failure   Level  Hunger
 Ensorcelled Hibernation Hex/Ice 8 (50) 13% 2 35-75 Tukima's Dance Hex 14 (100) 12% 3 75-135 Blinding Spray Hex/Pois 8 (50) 26% 3 75-135 Fulminant Prism Hex            14 (200)     36%         4    155-255


Dungeon Overview and Level Annotations

Branches:
Dungeon (1/8)

Altars:


Innate Abilities, Weirdness & Mutations

You are very small and have problems with some larger weapons.
You are too small for most types of armour.
You have supernaturally acute eyesight. (+Vis)
You are a herbivore.
You cover ground extremely quickly.
You need to consume almost no food.
Your soft flesh is weak to deep cuts.
Heavy manmade armour will nullify this weakness. (rSlashing-)


Message History

You hit the hobgoblin but do no damage. x2
The hobgoblin is lightly wounded. (5/6) HP You hit the hobgoblin but do no damage. x2
The hobgoblin is lightly wounded. (5/6) HP The hobgoblin closely misses you.
The kobold barely misses you.
You hit the hobgoblin (1). x2
The hobgoblin is heavily wounded. (3/6) HP The kobold hits you with a +0 short sword (2).
You take 2 damage.
You hit the hobgoblin but do no damage.
You strike the helpless hobgoblin from behind!
You hit the hobgoblin but do no damage.
The hobgoblin is heavily wounded. (3/6) HP The hobgoblin seems less confused.
The hobgoblin hits you (6).
* * * LOW HITPOINT WARNING * * *
The kobold hits you with a +0 short sword (5).
* * * LOW HITPOINT WARNING * * *
You take 11 damage.
The kobold hits you with a +0 short sword (6).
You die...

########......≈
#.........=...≈
#.............≈
#........####.≈
#........# #.≈
#........# #†≈
#........# #.≈
#######........#
#.≈
#...@..........#
#.≈
#...K..........#
#..
#...g....#######
#.≈ #........#
#.≈ #........#
#.≈ #........#
#.≈ #........#
#.≈ #........#
#.≈ ##########
#.≈


You could see a hobgoblin and a kobold.

Vanquished Creatures
  2 hobgoblins (D:1)
  A bat (D:1)
  2 bat zombies (D:1)
  3 goblins (D:1)
  A rat (D:1)
9 creatures vanquished.

Notes
Turn   | Place    | Note
-------+----------+-------------------------------------------
     0 | D:1      | xeno23 the Spriggan Enchanter began the quest for the Orb.
     0 | D:1      | Reached XP level 1. HP: 18/18 MP: 5/5
    67 | D:1      | Learned a level 3 spell: Confuse
   380 | D:1      | Reached XP level 2. HP: 20/25 MP: 6/6
   510 | D:1      | Slain by a kobold

Illustrated notes

Levels and vault maps discovered:
D:1:      saegor_arrival_fortress, layout_basic

Action                   || total
-------------------------++-------
Melee: Dagger            ||    55
       Unarmed           ||    48
 Cast: Confuse           ||     7
       Magic Candle      ||     2
 Stab: Confused          ||     2
       Sleeping          ||     1
Armor: Robe              ||    17
Dodge: Dodged            ||    35
